 Dungeon Crawl Stone Soup version 0.29.0-15-g675c0067aa (webtiles) character file.

Game seed: 1884244716397143981

8855 qw the Cleaver (level 11, -9/99 HPs)
             Began as a Minotaur Berserker on Sept 11, 2022.
             Was an Elder of Trog.
             Killed by vampiric draining
             ... invoked by a vampire
              (15 damage)
             ... on level 10 of the Dungeon.
             The game lasted 00:03:34 (12651 turns).

qw the Cleaver (Minotaur Berserker)                Turns: 12651, Time: 00:03:34

Health: -9/99      AC: 24    Str: 24    XL:     11   Next: 15%
Magic:  10/10      EV:  2    Int:  7    God:    Trog [****..]
Gold:   578        SH: 14    Dex: 13    Spells: 10/10 levels left

rFire   + . .      SeeInvis .   m - +2 hand axe
rCold   . . .      Faith    .   q - +0 tower shield
rNeg    . . .      Spirit   .   k - +0 crystal plate armour
rPois   .          Reflect  .   (helmet restricted)
rElec   .          Harm     .   (no cloak)
rCorr   .          Rampage  .   (no gloves)
Will    .....                   (no boots)
Stlth   ..........              (no amulet)
HPRegen 0.26/turn               e - ring of protection from fire
MPRegen 0.12/turn               h - +4 ring of protection

@: on berserk cooldown, slowed, very slow
A: horns 2, retaliatory headbutt, agile 1, clever 1
a: Renounce Religion, Berserk, Trog's Hand, Brothers in Arms


You were on level 10 of the Dungeon.
You worshipped Trog.
Trog was greatly pleased with you.
You visited 1 branch of the dungeon, and saw 10 of its levels.

You collected 578 gold pieces.


Innate Abilities, Weirdness & Mutations

You have a pair of horns on your head.
You reflexively headbutt those who attack you in melee.
You are agile. (Dex +4, Str/Int -1)
Your mind is acute. (Int +4, Str/Dex -1)


   Skills:
 - Level 9.8 Fighting
 - Level 14.2 Axes
 - Level 3.2 Throwing
 - Level 9.8 Armour
 - Level 3.1 Dodging
 + Level 6.6 Shields


You had 10 spell levels left.
You didn't know any spells.
Your spell library was empty.

Inventory:

Hand Weapons
 c - a +0 morningstar
 m - a +2 hand axe (weapon)
Missiles
 j - 2 boomerangs
 o - 2 silver boomerangs
 p - 5 javelins (quivered)
Armour
 k - a +0 crystal plate armour (worn)
 l - a +0 cloak
 q - a +0 tower shield (worn)
 t - a +2 tower shield
Jewellery
 b - a ring of fire
 e - a ring of protection from fire (left hand)
 h - a +4 ring of protection (right hand)
 s - a ring of ice
Scrolls
 n - 2 scrolls of identify
 r - a scroll of acquirement {unknown}
 u - a scroll of immolation {unknown}
Potions
 a - a potion of haste
 d - 4 potions of curing
 f - a potion of might {unknown}
 g - a potion of heal wounds
 i - a potion of mutation

Dungeon Overview and Level Annotations

Branches:
Dungeon (10/15)            Temple (0/1) D:4
   Lair: D:8-11         Orc: D:9-12

Altars:
Cheibriados
Fedhas
Xom
Yredelemnul
Zin

Shops:
D:9 :

Annotations:
D:5 1 runed translucent door, Crazy Yiuf


Message History

There is a strange disturbance nearby!
Something hits you but does no damage. Something bites you but does no damage.
Something hits you but does no damage. Something bites you but does no damage.
You're too confused to attack without stumbling around!
You start resting.
There is a strange disturbance nearby!
You feel your anger nearly subside. Something hits you but does no damage.
Something bites you but does no damage. Something hits you but does no damage.
Something bites you but does no damage.
You're too confused to attack without stumbling around!
There is a strange disturbance nearby!
You are no longer berserk.
You are exhausted.
You feel yourself slow down.
12647 ||| DRINKING 5 potions of curing.
You feel better.
12647 ||| (to cure confusion)
Something hits you but does no damage. You block something's attack.
Something hits you but does no damage. Something bites you but does no damage.
You block something's attack. Something bites you.
Something draws strength from your injuries!
Something hits you. Something bites you.
Something draws strength from your injuries!
You slash something! You hit something but do no damage.
Something draws life force from you!! You block something's attack.
Something bites you but does no damage.
You slash something! You barely miss something.
Something hits you but does no damage. You block something's attack.
Something hits you. Something bites you but does no damage.
Something hits you but does no damage. Something bites you but does no damage.
Something draws life force from you!
You closely miss something. You slash something! You block something's attack.
Something bites you but does no damage. Something hits you but does no damage.
Something bites you.
Something draws strength from your injuries!
You hit something. You barely miss something.
Something hits you but does no damage. Something bites you.
Something draws strength from your injuries!
Something hits you but does no damage. Something bites you but does no damage.
Something draws life force from you!
You die...

..... ##.......
####........
###########...........
..............)......
###...................
...)..................
#..........(........
#....)..)...@{...(..
####.##)#.##.#..{......
.#....#).#.#............
...###...#.#.#..........
#..).#..##.#.#..........
#.......?....#..........
.......#.....#.#...##...
###.......#..#.#..## ###
###..#.#../..#.


There were no monsters in sight!

Vanquished Creatures
  Fannar (D:10)
  A two-headed ogre (D:9)
  2 cyclopes (D:8)
  A manticore (D:8)
  2 gargoyles (D:10)
  Maurice (D:10)
  Grinder (D:6)
  A hornet (D:9)
  3 wyverns
  3 yaks (D:10)
  An acid dragon (D:8)
  A water moccasin (D:6)
  4 orc warriors
  2 sky beasts
  6 ice beasts
  2 black bears
  3 ogres (D:5)
  3 centaurs
  2 kobold brigands (D:9)
  3 bullfrogs
  A necrophage (D:6)
  2 gnoll sergeants
  3 scorpions
  13 wights
  5 killer bees (D:8)
  A hound (D:6)
  A jelly (D:7)
  5 orc priests
  5 iguanas
  9 orc wizards
  12 gnolls
  3 adders
  A white imp (D:7)
  An ufetubus (D:5)
  A worm (D:3)
  2 dart slugs (D:1)
  24 orcs
  3 ball pythons
  5 endoplasms
  A giant cockroach (D:2)
  6 goblins
  6 hobgoblins
  2 jackals (D:4)
  5 quokkas
  4 bats
  2 frilled lizards (D:1)
  13 kobolds
  4 rats
183 creatures vanquished.

Notes
Turn   | Place    | Note
-------+----------+-------------------------------------------
     0 | D:1      | qw the Minotaur Berserker began the quest for the Orb.
     0 | D:1      | Reached XP level 1. HP: 19/19 MP: 0/0
     0 | D:1      | 0 ||| qw: Version: 0.1-a-119-g272c26d
     0 | D:1      | 0 ||| qw: Game counter: 10647
     0 | D:1      | 0 ||| qw: Always use a shield: true
     0 | D:1      | 0 ||| qw: Do Orc after D:15 true
     0 | D:1      | 0 ||| qw: Do second Lair branch before Depths: true
     0 | D:1      | 0 ||| qw: Lair rune preference: random
     0 | D:1      | 0 ||| qw: Plans: Normal
     0 | D:1      | 0 ||| PLANNING D:1-11
    80 | D:1      | Reached skill level 4 in Axes
   215 | D:1      | Reached XP level 2. HP: 19/26 MP: 1/1
   511 | D:1      | 511 ||| Stepping ~*~*~tactically~*~*~ (stealth).
   560 | D:1      | Found a faded altar of an unknown god.
   561 | D:1      | 561 ||| Stepping ~*~*~tactically~*~*~ (hiding).
   663 | D:1      | 663 ||| Stepping ~*~*~tactically~*~*~ (hiding).
   765 | D:1      | 765 ||| Stepping ~*~*~tactically~*~*~ (hiding).
   769 | D:1      | 769 ||| Stepping ~*~*~tactically~*~*~ (hiding).
  1114 | D:1      | 1114 ||| UPGRADING to +1 plate armour of positive energy.
  1124 | D:1      | 1124 ||| DROPPING +0 animal skin.
  1125 | D:1      | 1125 ||| UPGRADING to +0 crystal plate armour.
  1135 | D:1      | 1135 ||| DROPPING +1 plate armour of positive energy.
  1136 | D:1      | 1136 ||| DROPPING ring of flight.
  1137 | D:1      | 1137 ||| READING scroll labelled ORYSECR EDOFYAG.
  1140 | D:1      | 1140 ||| READING scroll labelled FIOVIN FUMMI.
  1141 | D:1      | 1141 ||| READING scroll labelled OWOICI USHRIKLI.
  1142 | D:1      | 1142 ||| Stepping randomly (stuck).
  1143 | D:1      | 1143 ||| Stepping ~*~*~tactically~*~*~ (cloud).
  1431 | D:2      | Identified the +0 short sword of Spores {freeze, Int+3}
  1490 | D:2      | Reached skill level 5 in Axes
  1702 | D:2      | Found a glowing silver altar of Zin.
  1734 | D:2      | Reached XP level 3. HP: 31/31 MP: 2/2
  2080 | D:2      | 2080 ||| UPGRADING to ring of protection from fire.
  2081 | D:2      | 2081 ||| UPGRADING to +4 ring of protection.
  2082 | D:2      | 2082 ||| DRINKING 3 amethyst potions.
  2140 | D:3      | Reached ** piety under Trog
  2209 | D:3      | Noticed a scorpion
  2215 | D:3      | Killed a scorpion
  2216 | D:3      | Reached XP level 4. HP: 39/39 MP: 3/3
  2444 | D:3      | 2444 ||| Stepping ~*~*~tactically~*~*~ (stealth).
  2693 | D:3      | 2693 ||| DROPPING amulet of magic regeneration.
  2694 | D:3      | 2694 ||| READING scroll labelled KIBUSI SUTE.
  2987 | D:4      | Found a staircase to the Ecumenical Temple.
  2988 | D:4      | 2988 ||| INVOKING Berserk.
  2995 | D:4      | Reached skill level 1 in Throwing
  2995 | D:4      | Reached XP level 5. HP: 45/45 MP: 4/4
  3119 | D:4      | Reached skill level 6 in Axes
  3194 | D:4      | 3194 ||| Stepping ~*~*~tactically~*~*~ (stealth).
  3195 | D:4      | 3195 ||| Stepping ~*~*~tactically~*~*~ (stealth).
  3670 | D:4      | 3670 ||| READING scroll labelled MEADAQ BAULOE.
  3729 | D:5      | Entered Level 5 of the Dungeon
  3756 | D:5      | Noticed a centaur
  3757 | D:5      | 3757 ||| Stepping ~*~*~tactically~*~*~ (stealth).
  3759 | D:5      | 3759 ||| Stepping ~*~*~tactically~*~*~ (hiding).
  3766 | D:5      | Killed a centaur
  3767 | D:5      | Reached skill level 7 in Axes
  3767 | D:5      | Reached XP level 6. HP: 38/51 MP: 5/5
  3814 | D:5      | 3814 ||| FLEEEEING.
  3877 | D:5      | 3877 ||| INVOKING Berserk.
  3996 | D:5      | 3996 ||| Stepping ~*~*~tactically~*~*~ (stealth).
  3997 | D:5      | 3997 ||| Stepping ~*~*~tactically~*~*~ (stealth).
  3998 | D:5      | 3998 ||| DROPPING +0 club.
  3999 | D:5      | 3999 ||| Stepping ~*~*~tactically~*~*~ (stealth).
  4019 | D:5      | 4019 ||| Stepping ~*~*~tactically~*~*~ (hiding).
  4020 | D:5      | 4020 ||| Stepping ~*~*~tactically~*~*~ (hiding).
  4021 | D:5      | 4021 ||| Stepping ~*~*~tactically~*~*~ (hiding).
  4026 | D:5      | 4026 ||| INVOKING Berserk.
  4063 | D:5      | 4063 ||| Stepping ~*~*~tactically~*~*~ (stealth).
  4111 | D:5      | 4111 ||| Stepping ~*~*~tactically~*~*~ (hiding).
  4115 | D:5      | 4115 ||| INVOKING Berserk.
  4231 | D:5      | 4231 ||| INVOKING Berserk.
  4234 | D:5      | Reached skill level 8 in Axes
  4341 | D:5      | 4341 ||| DROPPING +0 mace.
  4396 | D:5      | 4396 ||| INVOKING Berserk.
  4399 | D:5      | Reached XP level 7. HP: 59/59 MP: 6/6
  4806 | D:5      | Reached skill level 9 in Axes
  4977 | D:5      | 4977 ||| INVOKING Berserk.
  5106 | D:5      | 5106 ||| INVOKING Berserk.
  5327 | D:5      | Found a runed translucent door.
  5328 | D:5      | Noticed Crazy Yiuf
  5331 | D:5      | 5331 ||| READING scroll labelled FULAXZ PAWU.
  5504 | D:6      | Noticed Grinder
  5505 | D:6      | 5505 ||| Stepping ~*~*~tactically~*~*~ (stealth).
  5506 | D:6      | 5506 ||| Stepping ~*~*~tactically~*~*~ (stealth).
  5510 | D:6      | 5510 ||| INVOKING Trog's Hand.
  5513 | D:6      | 5513 ||| Stepping ~*~*~tactically~*~*~ (hiding).
  5514 | D:6      | 5514 ||| Stepping ~*~*~tactically~*~*~ (hiding).
  5518 | D:6      | 5518 ||| INVOKING Berserk.
  5524 | D:6      | Killed Grinder
  5525 | D:6      | Reached skill level 10 in Axes
  5525 | D:6      | Reached XP level 8. HP: 68/68 MP: 7/7
  5529 | D:6      | Reached skill level 6 in Armour
  5907 | D:6      | 5907 ||| Stepping ~*~*~tactically~*~*~ (hiding).
  5909 | D:6      | 5909 ||| INVOKING Berserk.
  5918 | D:6      | Reached skill level 6 in Fighting
  6001 | D:6      | 6001 ||| Stepping ~*~*~tactically~*~*~ (stealth).
  6002 | D:6      | 6002 ||| Stepping ~*~*~tactically~*~*~ (stealth).
  6003 | D:6      | 6003 ||| Stepping ~*~*~tactically~*~*~ (stealth).
  6071 | D:6      | 6071 ||| INVOKING Berserk.
  6077 | D:6      | Reached skill level 11 in Axes
  6366 | D:6      | Reached XP level 9. HP: 78/78 MP: 8/8
  6598 | D:6      | 6598 ||| READING scroll labelled YROPNU NILEP.
  6699 | D:6      | 6699 ||| READING scroll labelled DOGGAMENENT.
  6700 | D:6      | 6700 ||| DRINKING 2 inky potions.
  6701 | D:6      | 6701 ||| DRINKING 2 silvery potions.
  6702 | D:6      | 6702 ||| DROPPING potion of invisibility.
  6703 | D:6      | 6703 ||| DROPPING potion of flight.
  6759 | D:7      | 6759 ||| FLEEEEING.
  6760 | D:7      | 6760 ||| FLEEEEING.
  6761 | D:7      | 6761 ||| FLEEEEING.
  6762 | D:7      | 6762 ||| FLEEEEING.
  6763 | D:7      | 6763 ||| FLEEEEING.
  6764 | D:7      | 6764 ||| FLEEEEING.
  6765 | D:7      | 6765 ||| FLEEEEING.
  6766 | D:7      | 6766 ||| Stepping ~*~*~tactically~*~*~ (hiding).
  6769 | D:7      | 6769 ||| Stepping ~*~*~tactically~*~*~ (hiding).
  7029 | D:7      | 7029 ||| INVOKING Berserk.
  7207 | D:7      | 7207 ||| Stepping ~*~*~tactically~*~*~ (hiding).
  7219 | D:7      | Reached skill level 12 in Axes
  7225 | D:7      | 7225 ||| FLEEEEING.
  7226 | D:7      | 7226 ||| FLEEEEING.
  7227 | D:7      | 7227 ||| FLEEEEING.
  7228 | D:7      | 7228 ||| FLEEEEING.
  7229 | D:7      | 7229 ||| FLEEEEING.
  7230 | D:7      | 7230 ||| FLEEEEING.
  7231 | D:7      | 7231 ||| STAIRDANCE
  7269 | D:6      | 7269 ||| READING 2 scrolls labelled QACHEPL IHAI.
  7270 | D:6      | 7270 ||| READING scroll labelled YPHOAWKAEG.
  7271 | D:6      | 7271 ||| DROPPING scroll of vulnerability.
  7390 | D:7      | 7390 ||| DROPPING +0 flail.
  7409 | D:7      | Identified the +2 ring mail of Sif Muna's Supremacy {Str+4}
  8110 | D:7      | 8110 ||| READING scroll labelled CERUSI NEETZ.
  8111 | D:7      | 8111 ||| DRINKING 2 black potions.
  8159 | D:8      | 8159 ||| Stepping ~*~*~tactically~*~*~ (hiding).
  8165 | D:8      | 8165 ||| Stepping ~*~*~tactically~*~*~ (hiding).
  8191 | D:8      | 8191 ||| FLEEEEING.
  8194 | D:8      | 8194 ||| FLEEEEING.
  8205 | D:8      | 8205 ||| Stepping ~*~*~tactically~*~*~ (stealth).
  8396 | D:8      | 8396 ||| Stepping ~*~*~tactically~*~*~ (hiding).
  8399 | D:8      | Reached skill level 13 in Axes
  8402 | D:8      | 8402 ||| Stepping ~*~*~tactically~*~*~ (hiding).
  8422 | D:8      | Reached *** piety under Trog
  8443 | D:8      | 8443 ||| Stepping ~*~*~tactically~*~*~ (stealth).
  8444 | D:8      | 8444 ||| Stepping ~*~*~tactically~*~*~ (stealth).
  8446 | D:8      | 8446 ||| Stepping ~*~*~tactically~*~*~ (stealth).
  8626 | D:8      | Reached skill level 3 in Throwing
  8816 | D:8      | 8816 ||| Stepping ~*~*~tactically~*~*~ (stealth).
  8817 | D:8      | 8817 ||| Stepping ~*~*~tactically~*~*~ (stealth).
  8819 | D:8      | 8819 ||| Stepping ~*~*~tactically~*~*~ (hiding).
  8955 | D:8      | Found a blossoming altar of Fedhas.
  8955 | D:8      | Found a basalt altar of Yredelemnul.
  8957 | D:8      | Found a snail-covered altar of Cheibriados.
  9024 | D:8      | Found a glowing silver altar of Zin.
  9052 | D:8      | Noticed a cyclops
  9058 | D:8      | 9058 ||| FLEEEEING.
  9059 | D:8      | 9059 ||| FLEEEEING.
  9063 | D:8      | 9063 ||| FLEEEEING.
  9064 | D:8      | 9064 ||| FLEEEEING.
  9065 | D:8      | 9065 ||| FLEEEEING.
  9066 | D:8      | 9066 ||| STAIRDANCE
  9120 | D:7      | 9120 ||| DRINKING 2 lumpy emerald potions.
  9120 | D:7      | Gained mutation: Your mind is acute. (Int +4, Str/Dex -1)
                  | [potion of mutation]
  9120 | D:7      | Gained mutation: You are agile. (Dex +4, Str/Int -1)
                  | [potion of mutation]
  9121 | D:7      | 9121 ||| DRINKING 2 fizzy orange potions.
  9122 | D:7      | 9122 ||| READING 2 scrolls of identify.
  9122 | D:7      | 9122 ||| IDENTIFYING golden potion
  9123 | D:7      | 9123 ||| DROPPING potion of degeneration.
  9124 | D:7      | 9124 ||| DROPPING potion of brilliance.
  9132 | D:8      | 9132 ||| INVOKING Berserk.
  9136 | D:8      | Killed a cyclops
  9145 | D:8      | 9145 ||| FLEEEEING.
  9146 | D:8      | 9146 ||| STAIRDANCE
  9269 | D:8      | Noticed a manticore
  9270 | D:8      | 9270 ||| READING 4 scrolls of teleportation.
  9289 | D:8      | 9289 ||| READING 3 scrolls of teleportation.
  9291 | D:8      | Noticed a cyclops
  9292 | D:8      | 9292 ||| READING 2 scrolls of teleportation.
  9315 | D:8      | 9315 ||| INVOKING Berserk.
  9320 | D:8      | Reached XP level 10. HP: 90/90 MP: 9/9
  9329 | D:8      | Killed a manticore
  9362 | D:8      | HP: 19/90 [orc warrior/+0 hand axe (8)]
  9363 | D:8      | 9363 ||| READING scroll of teleportation.
  9364 | D:8      | 9364 ||| DRINKING potion of heal wounds.
  9590 | D:8      | 9590 ||| INVOKING Berserk.
  9612 | D:8      | 9612 ||| FLEEEEING.
  9613 | D:8      | 9613 ||| STAIRDANCE
  9721 | D:8      | 9721 ||| INVOKING Berserk.
  9729 | D:8      | Killed a cyclops
  9730 | D:8      | Reached skill level 14 in Axes
  9742 | D:8      | 9742 ||| STAIRDANCE
 10045 | D:9      | 10045 ||| Stepping ~*~*~tactically~*~*~ (stealth).
 10046 | D:9      | 10046 ||| Stepping ~*~*~tactically~*~*~ (hiding).
 10047 | D:9      | 10047 ||| Stepping ~*~*~tactically~*~*~ (hiding).
 10050 | D:9      | 10050 ||| Stepping ~*~*~tactically~*~*~ (hiding).
 10054 | D:9      | 10054 ||| Stepping ~*~*~tactically~*~*~ (hiding).
 10065 | D:9      | 10065 ||| INVOKING Berserk.
 10073 | D:9      | HP: 29/120 [gnoll sergeant/+0 spear (6)]
 10078 | D:9      | HP: 16/124 [gnoll/+0 club[a gnoll sergeant] (4)]
 10451 | D:9      | Reached skill level 9 in Armour
 10514 | D:9      | Found Raam's Self-Improvement Boutique.
 10547 | D:9      | 10547 ||| Stepping ~*~*~tactically~*~*~ (hiding).
 10562 | D:9      | 10562 ||| INVOKING Berserk.
 10706 | D:9      | Noticed a two-headed ogre
 10710 | D:9      | 10710 ||| INVOKING Berserk.
 10712 | D:9      | Killed a two-headed ogre
 10713 | D:9      | Reached skill level 9 in Fighting
 10913 | D:9      | 10913 ||| Stepping ~*~*~tactically~*~*~ (hiding).
 10925 | D:9      | Reached skill level 3 in Dodging
 10965 | D:9      | 10965 ||| SWAPPING to +2 hand axe.
 10966 | D:9      | 10966 ||| DROPPING +0 hand axe.
 10986 | D:9      | 10986 ||| Stepping ~*~*~tactically~*~*~ (hiding).
 11140 | D:9      | Found a shimmering altar of Xom.
 11160 | D:9      | 11160 ||| Stepping ~*~*~tactically~*~*~ (hiding).
 11168 | D:9      | 11168 ||| Stepping ~*~*~tactically~*~*~ (hiding).
 11437 | D:9      | Reached **** piety under Trog
 11796 | D:9      | 11796 ||| UPGRADING to +0 tower shield.
 11801 | D:9      | 11801 ||| DRINKING 2 metallic inky potions.
 11835 | D:9      | 11835 ||| READING 2 scrolls of identify.
 11835 | D:9      | 11835 ||| IDENTIFYING grey potion
 11836 | D:9      | 11836 ||| DROPPING potion of lignification.
 11897 | D:10     | Entered Level 10 of the Dungeon
 11897 | D:10     | Noticed a gargoyle
 11898 | D:10     | Noticed a gargoyle
 11908 | D:10     | Killed a gargoyle
 11914 | D:10     | Killed a gargoyle
 11915 | D:10     | Reached skill level 3 in Shields
 12088 | D:10     | Noticed Maurice
 12089 | D:10     | 12089 ||| Stepping ~*~*~tactically~*~*~ (hiding).
 12093 | D:10     | 12093 ||| Stepping ~*~*~tactically~*~*~ (hiding).
 12094 | D:10     | 12094 ||| Stepping ~*~*~tactically~*~*~ (hiding).
 12095 | D:10     | 12095 ||| Stepping ~*~*~tactically~*~*~ (hiding).
 12105 | D:10     | Killed Maurice
 12132 | D:10     | Reached XP level 11. HP: 99/99 MP: 10/10
 12292 | D:10     | Noticed Fannar
 12293 | D:10     | 12293 ||| Stepping ~*~*~tactically~*~*~ (hiding).
 12294 | D:10     | 12294 ||| Stepping ~*~*~tactically~*~*~ (stealth).
 12321 | D:10     | 12321 ||| INVOKING Berserk.
 12327 | D:10     | Killed Fannar
 12328 | D:10     | Reached skill level 6 in Shields
 12606 | D:10     | 12606 ||| Stepping ~*~*~tactically~*~*~ (hiding).
 12634 | D:10     | 12634 ||| DRINKING 6 potions of curing.
 12634 | D:10     | 12634 ||| (to cure confusion)
 12642 | D:10     | 12642 ||| INVOKING Berserk.
 12647 | D:10     | 12647 ||| DRINKING 5 potions of curing.
 12647 | D:10     | 12647 ||| (to cure confusion)
 12648 | D:10     | HP: 24/99 [something (22)]
 12650 | D:10     | HP: 11/99 [something (4)]
 12651 | D:10     | Killed from afar by a vampire

Levels and vault maps discovered:
D:1:      wheals_arrival_shading, layout_loops_cross,
          dreamdust_ecumenical_altar_angels_and_demons
D:2:      layout_basic, basic_altar, minmay_misc_feat_five, minmay_misc_feat_x
D:3:      cheibrodos_helix_gallery, layout_rooms
D:4:      layout_basic, minmay_temple_entry_proselytizer
D:5:      layout_loops_corners, uniq_crazy_yiuf_cottage
D:6:      layout_basic, minivault_22, uniq_grinder
D:7:      layout_layer_cave
D:8:      layout_loops_ring, zin_treasury, nicolae_overflow_hidden_temple,
          st_stairs_4, minmay_misc_feat_tower, kb_rosetta
D:9:      layout_gridville, lemuel_round_altar, nicolae_shop_self_help
D:10:     layout_rooms, nrook_mini_backslash, minmay_ruined_shrine,
          uniq_maurice, uniq_fannar

Skill      XL: |  1  2  3  4  5  6  7  8  9 10 11 |
---------------+----------------------------------+-----
Axes           | 4 5 7 8 10 11 13 14 | 14.2
Armour         | 4 5 7 8 9 |  9.8
Throwing       | 1 2 3 |  3.2
Fighting       | 4 5 6 8 9 |  9.8
Dodging        | 3 |  3.1
Shields        | 4 6 |  6.6

Action                   |  1- 3 |  4- 6 |  7- 9 | 10-12 || total
-------------------------+-------+-------+-------+-------++-------
Melee: Hand axe          |    49 |   120 |   271 |   243 ||   683
       Headbutt          |    10 |    16 |    52 |    57 ||   135
       Punch             |     2 |       |     2 |     2 ||     6
Throw: Javelin           |       |    19 |    42 |    20 ||    81
       Boomerang         |       |     3 |    15 |     4 ||    22
Invok: Berserk           |       |     6 |     8 |     7 ||    21
       Trog's Hand       |       |       |     1 |       ||     1
  Use: Scroll            |     3 |     2 |    10 |     2 ||    17
       Potion            |     1 |       |     5 |     4 ||    10
Armor: Animal skin       |     2 |       |       |       ||     2
       Crystal plate arm |     8 |    87 |   157 |   147 ||   399
Dodge: Dodged            |    13 |    16 |    51 |    35 ||   115
Block: Tower shield      |       |       |       |    50 ||    50

Table legend:
 A = Non-vault XP
 B = Vault XP
 C = Vault XP percentage of total XP
 D = Non-vault monster count
 E = Vault monster count
 F = Vault count percentage of total count
                 A         B        C        D         E       F
            +---------+---------+-------+---------+---------+-------
      Total |    9209 |    3441 |  27.2 |     171 |      12 |   6.6
            +---------+---------+-------+---------+---------+-------
        D:1 |      34 |       0 |   0.0 |      18 |       0 |   0.0
        D:2 |      13 |       0 |   0.0 |       7 |       0 |   0.0
        D:3 |     112 |       4 |   3.4 |      12 |       2 |  14.3
        D:4 |      90 |      41 |  31.3 |       7 |       1 |  12.5
        D:5 |     888 |       0 |   0.0 |      22 |       0 |   0.0
        D:6 |    1484 |     290 |  16.3 |      21 |       1 |   4.5
        D:7 |    1016 |       0 |   0.0 |      12 |       0 |   0.0
        D:8 |    1245 |    1787 |  58.9 |      22 |       6 |  21.4
        D:9 |    2598 |       0 |   0.0 |      40 |       0 |   0.0
       D:10 |    1729 |    1319 |  43.3 |      10 |       2 |  16.7
            +---------+---------+-------+---------+---------+-------
